[Event "Early-Titled-Tuesday-Blitz-July-09-2024"]
[Site "Chess.com"]
[Date "2024.07.09"]
[Round "1"]
[White "Dreamer_01"]
[Black "Flawless_Fighter"]
[Result "0-1"]
[WhiteElo "2438"]
[BlackElo "2794"]
[TimeControl "180+1"]
[EndTime "8:04:44 PDT"]
[Termination "Flawless_Fighter won by resignation"]

1. Nf3 c5 2. c4 b6 3. g3 Bb7 4. Bg2 g6 5. d4 cxd4 6. Qxd4 Nf6 7. Nc3 Bg7 8. O-O O-O 9. Qh4 d6 10. Bh6 Nbd7 11. Rfd1 Rc8 12. b3 Re8 13. Rac1 a6 14.
e4 Qc7 15. Nd5 Bxd5 16. exd5 b5 17. cxb5 Qa5 18. Rxc8 Rxc8 19. Nd4 Qxa2 20. Nc6 Re8 21. Re1 Ne5 22. Nxe5 dxe5 23. bxa6 Qxa6 24. Bxg7 Kxg7 25. Rxe5 Qa1+ 0-1

[Event "Early-Titled-Tuesday-Blitz-July-09-2024"]
[Site "Chess.com"]
[Date "2024.07.09"]
[Round "1"]
[White "IC3S2"]
[Black "GOGIEFF"]
[Result "1-0"]
[WhiteElo "2541"]
[BlackElo "2991"]
[TimeControl "180+1"]
[EndTime "8:04:46 PDT"]
[Termination "IC3S2 won by resignation"]

1. e4 c5 2. Nc3 d6 3. d4 cxd4 4. Qxd4 Nc6 5. Qd2 Nf6 6. b3 a6 7. Bb2 e6 8. O-O-O Be7 9. f4 b5 10. g4 b4 11. g5 bxc3 12. Qxc3 Bb7 13. gxf6 Bxf6 14. Qe3 Bxb2+ 15. Kxb2 O-O 16. Nf3 Qf6+ 17. Kb1 Rfd8 18. Rg1 Rac8 19. a3 Ne7 20. Bd3 Ng6 21. f5 exf5 22. exf5 Kf8 23. fxg6 Qxf3 24. Qxf3 Bxf3 25.
gxh7 Ke7 26. Rde1+ Kd7 27. Bf5+ 1-0

[Event "Early-Titled-Tuesday-Blitz-July-09-2024"]
[Site "Chess.com"]
[Date "2024.07.09"]
[Round "1"]
[White "Bkmzzzzz"]
[Black "forevery0ung"]
[Result "0-1"]
[WhiteElo "2423"]
[BlackElo "2773"]
[TimeControl "180+1"]
[EndTime "8:04:47 PDT"]
[Termination "forevery0ung won by checkmate"]

1. e4 c6 2. d4 d5 3. Nc3 g6 4. Nf3 Bg7 5. Be2 dxe4 6. Nxe4 Nd7 7. O-O Ngf6 8. Nxf6+ Nxf6 9. c3 O-O 10. Bg5 Qc7 11. Qd2 Ne4 12. Qe3 Nxg5 13. Nxg5 Re8 14. Bc4 e6 15.
Qh3 h6 16. Ne4 e5 17. Qg3 Bf5 18. Rfe1 Rad8 19. dxe5 Rxe5 20. Qh4 Rde8 21. f3 g5 22. Qf2 Bxe4 23. fxe4 Rxe4 24. Rxe4 Rxe4 25. Bb3 Be5 26. g3 Kg7 27. Rf1 f6 28. Rd1 Bd6 29. Qf5 Re5 30. Qd3 Bc5+ 31. Kg2 Qe7 32. Qc4 Re2+ 33.
Kh3 Qe8 34. Qxc5 Qh5# 0-1

[Event "Early-Titled-Tuesday-Blitz-July-09-2024"]
[Site "Chess.com"]
[Date "2024.07.09"]
[Round "1"]
[White "anderson2361"]
[Black "ninguno46"]
[Result "0-1"]
[WhiteElo "1936"]
[BlackElo "2546"]
[TimeControl "180+1"]
[EndTime "8:04:47 PDT"]
[Termination "ninguno46 won by resignation"]

1. c4 g6 2. Nf3 Bg7 3. g3 d6 4.
d4 Nf6 5. Bg2 O-O 6. O-O Nbd7 7.
Nc3 e5 8. e4 c6 9. Re1 Qa5 10. h3 b5 11. cxb5 cxb5 12. dxe5 dxe5 13. Be3 Bb7 14. Nd2 a6 15. Rc1 Rac8 16. b3 Rxc3 17. b4 Qxb4 18. a3 Rxc1 19. Qxc1 Qa5 20. Nb3 Qa4 21. Rd1 Rc8 22. Qb2 Bf8 23. g4 Qxa3 24. Qb1 h6 25. h4 Qe7 26. g5 Ng4 27. Bc1 Nc5 28. Bh3 h5 29. Nd2 Ne6 30. f3 Qc5+ 31. Kh1 Nf2+ 0-1

[Event "Early-Titled-Tuesday-Blitz-July-09-2024"]
[Site "Chess.com"]
[Date "2024.07.09"]
[Round "1"]
[White "banjadvorovi"]
[Black "GarayevKanan"]
[Result "0-1"]
[WhiteElo "2422"]
[BlackElo "2760"]
[TimeControl "180+1"]
[EndTime "8:04:54 PDT"]
[Termination "GarayevKanan won by resignation"]

1. e4 c5 2. Nc3 e6 3. g3 h5 4. Bg2 h4 5. Nf3 h3 6. Bf1 Nc6 7. d4 cxd4 8. Nxd4 Nf6 9. Be3 Bb4 10. f3 d5 11. Nxc6 bxc6 12. e5 Nd7 13. f4 c5 14. Bd2 a6 15. Qg4 g6 16. Bxh3 Bb7 17.
Bg2 Rb8 18. Qe2 Nb6 19. b3 Bxc3 20. Bxc3 d4 21. Bxb7 Rxb7 22. Ba5 Qd5 23. O-O-O Nd7 24. Qxa6 O-O 25. c4 Qf3 26. Rhf1 Qg2 27. Rg1 Qxa2 28.
Qxb7 Qxa5 29. b4 Qa3+ 30. Kd2 Qe3+ 31. Kc2 Qc3+ 32. Kb1 Rb8 33. Qxb8+ Nxb8 0-1

[Event "Early-Titled-Tuesday-Blitz-July-09-2024"]
[Site "Chess.com"]
[Date "2024.07.09"]
[Round "1"]
[White "zacachess"]
[Black "temus_galaktionov"]
[Result "0-1"]
[WhiteElo "2462"]
[BlackElo "2854"]
[TimeControl "180+1"]
[EndTime "8:04:55 PDT"]
[Termination "temus_galaktionov won by resignation"]

1. e4 c6 2. d4 g6 3. Nf3 d6 4.
Bd3 Bg7 5. O-O Nd7 6. Re1 e5 7. c3 Ngf6 8. Nbd2 O-O 9. Nf1 Re8 10. Ng3 Qc7 11. h3 b6 12. Be3 Bb7 13. Qd2 Rad8 14. Rad1 d5 15. dxe5 Nxe4 16. Qc1 Nxg3 17. fxg3 Nxe5 18.
Nxe5 Bxe5 19. Bf4 Bxf4 20. Qxf4 Qxf4 21. gxf4 Kf8 22. Kf2 Rxe1 23. Rxe1 Re8 24. Rxe8+ Kxe8 25. g4 h6 26. h4 Ke7 27. g5 hxg5 28. hxg5 Bc8 29.
Ke3 c5 30. b4 Bf5 31. Bxf5 gxf5 32. Kd3 Kf8 33. Kc2 Kg7 34. Kd3 Kg6 35. Ke3 Kh5 36. Kf3 Kh4 0-1

[Event "Early-Titled-Tuesday-Blitz-July-09-2024"]
[Site "Chess.com"]
[Date "2024.07.09"]
[Round "1"]
[White "Suleyman_Chess06"]
[Black "ljuks68"]
[Result "1-0"]
[WhiteElo "2730"]
[BlackElo "2406"]
[TimeControl "180+1"]
[EndTime "8:04:56 PDT"]
[Termination "Suleyman_Chess06 won by resignation"]

1. Nf3 d5 2. g3 Nc6 3. Bg2 e5 4. d4 e4 5. Ne5 Nxe5 6. dxe5 Bc5 7. O-O Ne7 8. c4 c6 9. Nc3 Be6 10. Bg5 h6 11. Bxe7 Bxe7 12. cxd5 cxd5 13. Qa4+ Bd7 14.
Qb3 Bc6 15. Rfd1 Qb6 16. Nxd5 Qxb3 17. axb3 Bxd5 18. Rxd5 O-O 19. Rd7 Bc5 20. Bxe4 Rae8 21. Bxb7 Rxe5 22. e3 Rfe8 23. Rc1 Bb6 24. Bd5 R5e7 25.
Rc8 Rxd7 26. Rxe8+ Kh7 27. Bc4 Kg6 28. h4 Kf6 29.
Kf1 Re7 30. Rf8 Bc5 31. h5 Kg5 32. Rxf7 Rxf7 33. Bxf7 Kf6 34. Bg6 Bd6 35. f4 Bb4 36. Ke2 Ke6 37. g4 Be7 38. Kd3 Bf6 39. e4 Bxb2 40.
e5 Ke7 41. Ke4 Bc3 42. Kf5 Bd2 43. Bh7 Bc1 44. Bg8 Bd2 45. Bc4 Bc1 46. g5 Bd2 47.
gxh6 gxh6 48. Ke4 1-0

[Event "Early-Titled-Tuesday-Blitz-July-09-2024"]
[Site "Chess.com"]
[Date "2024.07.09"]
[Round "1"]
[White "Sam_ChessMood"]
[Black "MaxLeto"]
[Result "1-0"]
[WhiteElo "2924"]
[BlackElo "2500"]
[TimeControl "180+1"]
[EndTime "8:04:59 PDT"]
[Termination "Sam_ChessMood won on time"]

1. d4 d5 2. c4 e6 3. Nf3 Nf6 4. g3 Be7 5. Bg2 O-O 6. O-O a6 7. Nc3 dxc4 8. Ne5 c6 9. a4 Nbd7 10. Nxc4 Qc7 11. Bf4 Qd8 12. a5 Nd5 13. Bd2 N7f6 14.
e4 Nxc3 15. bxc3 c5 16. Nb6 Ra7 17. Bf4 cxd4 18. Bb8 Bd6 19. Bxa7 dxc3 20. Nxc8 1-0

[Event "Early-Titled-Tuesday-Blitz-July-09-2024"]
[Site "Chess.com"]
[Date "2024.07.09"]
[Round "1"]
[White "tusplingher"]
[Black "j_coca"]
[Result "1-0"]
[WhiteElo "2689"]
[BlackElo "2375"]
[TimeControl "180+1"]
[EndTime "8:04:59 PDT"]
[Termination "tusplingher won by resignation"]

1. c4 g6 2. g3 Bg7 3. Bg2 f5 4. Nc3 Nf6 5. d4 O-O 6. Nf3 d6 7. O-O Nc6 8. Re1 e5 9. dxe5 dxe5 10. Nd5 Be6 11. Ng5 Bxd5 12. cxd5 Nd4 13. e3 h6 14.
exd4 hxg5 15. dxe5 Ne4 16. Bxe4 fxe4 17. Rxe4 Qe7 18. Be3 Rae8 19. Qg4 Bxe5 20. Bxg5 Qf7 21. Rf1 Bxb2 22. Rb4 Ba3 23. Rb3 Bc5 24. Bf4 Kg7 25.
Rxb7 Qxd5 26. Rxc7+ Rf7 27. Rxf7+ Kxf7 28. Rd1 Qxa2 29.
Rd7+ Re7 30. Rxe7+ Kxe7 31. Qg5+ Kf7 32. Qxc5 1-0

[Event "Early-Titled-Tuesday-Blitz-July-09-2024"]
[Site "Chess.com"]
[Date "2024.07.09"]
[Round "1"]
[White "johnmez"]
[Black "Baronessa08"]
[Result "0-1"]
[WhiteElo "2249"]
[BlackElo "2598"]
[TimeControl "180+1"]
[EndTime "8:05:02 PDT"]
[Termination "Baronessa08 won by resignation"]

1. d4 d5 2. c4 dxc4 3. e4 Nf6 4. e5 Nd5 5. Bxc4 Nb6 6. Bb3 Nc6 7. Nf3 Bf5 8. O-O e6 9. Nc3 Be7 10. d5 exd5 11.
Nxd5 Nxd5 12. Bxd5 O-O 13. Bf4 Nb4 14. Bb3 Nd3 15. Bg3 c5 16. Qe2 b5 17. e6 c4 18.
exf7+ Rxf7 19. Bc2 Bf6 20. Rad1 Re7 21. Qd2 a5 22. b3 c3 23. Qxd3 Bxd3 24. Bxd3 Qb6 25. Bc2 Rd8 26. Rxd8+ Qxd8 27. Rd1 Rd7 0-1

[Event "Early-Titled-Tuesday-Blitz-July-09-2024"]
[Site "Chess.com"]
[Date "2024.07.09"]
[Round "1"]
[White "GMT4114"]
[Black "Hananmo"]
[Result "0-1"]
[WhiteElo "1935"]
[BlackElo "2542"]
[TimeControl "180+1"]
[EndTime "8:05:03 PDT"]
[Termination "Hananmo won by checkmate"]

1. e4 c5 2. Nc3 a6 3. Nge2 b5 4. g3 Bb7 5. Bg2 e6 6. d4 cxd4 7. Nxd4 d6 8. O-O Nd7 9. Re1 Be7 10. Qg4 Ngf6 11. Qxg7 Rg8 12. Qh6 Qb6 13. Qd2 Ne5 14. b3 h5 15. h3 h4 16. g4 O-O-O 17. Nd1 Nfxg4 18. hxg4 Rxg4 19. Kh2 Rdg8 20. Bh3 Qxd4 21.
Qxd4 Nf3+ 22. Kh1 Rg1+ 23. Rxg1 Rxg1# 0-1

[Event "Early-Titled-Tuesday-Blitz-July-09-2024"]
[Site "Chess.com"]
[Date "2024.07.09"]
[Round "1"]
[White "betta2004"]
[Black "PLAYER_2006_M"]
[Result "0-1"]
[WhiteElo "2514"]
[BlackElo "2954"]
[TimeControl "180+1"]
[EndTime "8:05:06 PDT"]
[Termination "PLAYER_2006_M won by resignation"]

1. e4 e5 2. Nf3 Nf6 3. Nc3 Nc6 4. d4 Bb4 5. d5 Ne7 6. Nxe5 d6 7. Bb5+ Kf8 8. Nf3 Nxe4 9. Qd4 Nxc3 10. bxc3 Bc5 11.
Qh4 Bd7 12. Bxd7 Qxd7 13. c4 Nf5 14. Qf4 Re8+ 15. Kd1 Bxf2 16. Rf1 Be3 17. Bxe3 Nxe3+ 18.
Kd2 Nxf1+ 19. Rxf1 Kg8 20. Ng5 Re7 21. Ne4 h6 22.
Kd3 Kh7 23. g4 Rhe8 24. Ng3 Qa4 25. g5 Re3+ 26. Kd4 Qa3 27. Qf5+ Kh8 0-1

[Event "Early-Titled-Tuesday-Blitz-July-09-2024"]
[Site "Chess.com"]
[Date "2024.07.09"]
[Round "1"]
[White "GilbertoHernandezAmura"]
[Black "kleinebeer98"]
[Result "0-1"]
[WhiteElo "2508"]
[BlackElo "2941"]
[TimeControl "180+1"]
[EndTime "8:05:07 PDT"]
[Termination "kleinebeer98 won by resignation"]

1. e4 e5 2. Nf3 Nc6 3. Bc4 Nf6 4.
d3 h6 5. c3 d6 6. a4 g5 7. Be3 Qe7 8. b4 Be6 9. Nbd2 Bg7 10.
Qb3 O-O 11. Bxe6 fxe6 12. b5 Na5 13. Qb4 b6 14. Nc4 Nxc4 15. Qxc4 d5 16. Qb3 dxe4 17. Nxe5 Nd5 18. d4 Bxe5 19. dxe5 Nxe3 20. fxe3 Rf5 21. Rf1 Rxe5 22. Kf2 Qc5 23. g4 Rf8+ 24. Ke2 Rf3 25. c4 h5 26. h3 Rxh3 27. Rf2 hxg4 28. Rg1 Rf5 29. Rxg4 Rxf2+ 30. Kxf2 Qf5+ 0-1

[Event "Early-Titled-Tuesday-Blitz-July-09-2024"]
[Site "Chess.com"]
[Date "2024.07.09"]
[Round "1"]
[White "Matols"]
[Black "WanderingPuppet"]
[Result "1/2-1/2"]
[WhiteElo "2354"]
[BlackElo "2652"]
[TimeControl "180+1"]
[EndTime "8:05:07 PDT"]
[Termination "Game drawn by repetition"]

1. d4 Nf6 2. c4 g6 3. g3 Bg7 4.
Bg2 O-O 5. Nc3 d6 6. Nf3 c6 7.
O-O Bf5 8. Ne1 e5 9. e4 Bg4 10. f3 exd4 11. Qxd4 Be6 12. Nc2 d5 13. cxd5 Nxd5 14.
Qd2 Nxc3 15. bxc3 Nd7 16. Nd4 Bc4 17. Rd1 Ne5 18. Ba3 Re8 19. Rab1 Qa5 20. Bb4 Qxa2 21.
Qe3 Qa6 22. Ra1 Qb6 23. Ba5 Qc5 24. Bb4 Qb6 25. Ba5 Qc5 26. Bb4 Qb6 1/2-1/2

[Event "Early-Titled-Tuesday-Blitz-July-09-2024"]
[Site "Chess.com"]
[Date "2024.07.09"]
[Round "1"]
[White "Likvidator228"]
[Black "Dewarfd"]
[Result "1-0"]
[WhiteElo "2554"]
[BlackElo "2068"]
[TimeControl "180+1"]
[EndTime "8:05:08 PDT"]
[Termination "Likvidator228 won on time"]

1. c4 Nf6 2. d4 e6 3. g3 b6 4.
Bg2 d5 5. Nc3 Bb7 6. Nf3 Be7 7. O-O O-O 8. cxd5 Nxd5 9. Bd2 c5 10.
dxc5 Bxc5 11. Nxd5 Bxd5 12. Qc2 Nd7 13. e4 Bb7 14.
Rfd1 Rc8 15. Qa4 Bc6 16. Qc2 Bb7 17. Bc3 Qe7 18. Qa4 Nf6 19. Ne5 h5 20. Nd7 Bc6 21. Nxf6+ gxf6 22. Qc2 1-0

[Event "Early-Titled-Tuesday-Blitz-July-09-2024"]
[Site "Chess.com"]
[Date "2024.07.09"]
[Round "1"]
[White "Meri-Arabidze"]
[Black "maroro07"]
[Result "1-0"]
[WhiteElo "2701"]
[BlackElo "2383"]
[TimeControl "180+1"]
[EndTime "8:05:12 PDT"]
[Termination "Meri-Arabidze won by resignation"]

1. d4 d5 2. c4 e6 3. Nc3 Nf6 4. cxd5 exd5 5. Bg5 Be7 6. e3 h6 7. Bh4 O-O 8. Bd3 b6 9. Nf3 Bb7 10. O-O Ne4 11. Bg3 Nd7 12. Qc2 Nxg3 13. hxg3 c5 14. Rad1 Rc8 15. Bf5 c4 16. Ne5 Nxe5 17. Bxc8 Qxc8 18.
dxe5 Qe6 19. Qd2 Rd8 20. Qd4 Bc5 21. Qf4 a6 22. Ne2 b5 23. Nd4 Qb6 24. a3 a5 25. g4 Be7 26. Nf5 Bg5 27. Qg3 g6 28.
f4 gxf5 29. fxg5 fxg4 30. Rf6 Qc5 31. gxh6 d4 32. Qxg4+ Kf8 33. Qg7+ 1-0

[Event "Early-Titled-Tuesday-Blitz-July-09-2024"]
[Site "Chess.com"]
[Date "2024.07.09"]
[Round "1"]
[White "Sychev_Klementy"]
[Black "Kotofeyca"]
[Result "1-0"]
[WhiteElo "2946"]
[BlackElo "2510"]
[TimeControl "180+1"]
[EndTime "8:05:13 PDT"]
[Termination "Sychev_Klementy won by checkmate"]

1. e4 c5 2. Nf3 d6 3. d4 cxd4 4. Nxd4 Nf6 5. Nc3 a6 6. Bg5 e6 7.
f4 Qb6 8. Qd2 Nc6 9. Bxf6 gxf6 10. Nb3 Be7 11. O-O-O Bd7 12. Be2 h5 13. Rhf1 O-O-O 14. Rf3 h4 15. Bf1 Kb8 16. Qe1 Na5 17. Nd5 exd5 18.
Nxa5 Bc8 19. exd5 Qc7 20. Rc3 Qd7 21. Bxa6 bxa6 22. Nc6+ Ka8 23. Qf2 Bb7 24. Qa7# 1-0

[Event "Early-Titled-Tuesday-Blitz-July-09-2024"]
[Site "Chess.com"]
[Date "2024.07.09"]
[Round "1"]
[White "nekotyanof"]
[Black "madmax011"]
[Result "1-0"]
[WhiteElo "2683"]
[BlackElo "2366"]
[TimeControl "180+1"]
[EndTime "8:05:15 PDT"]
[Termination "nekotyanof won by resignation"]

1. e4 c5 2. d4 cxd4 3. Qxd4 Nc6 4. Qd3 g6 5. Nc3 Bg7 6. Nf3 a6 7. Be2 e6 8. O-O Nge7 9. Bf4 O-O 10. Bd6 b5 11.
Rad1 f5 12. exf5 Rxf5 13. Nh4 Rf7 14. Ne4 Ne5 15. Qg3 N7c6 16. Ng5 Rf8 17. Bxf8 Qxf8 18.
b3 Bb7 19. f4 Nf7 20. Rxd7 Qc5+ 21. Kh1 Nxg5 22. Qxg5 Nd4 23. Qxc5 1-0

[Event "Early-Titled-Tuesday-Blitz-July-09-2024"]
[Site "Chess.com"]
[Date "2024.07.09"]
[Round "1"]
[White "santig8"]
[Black "manitodeplomo"]
[Result "1-0"]
[WhiteElo "2294"]
[BlackElo "2595"]
[TimeControl "180+1"]
[EndTime "8:05:16 PDT"]
[Termination "santig8 won by checkmate"]

1. e4 c5 2. d4 cxd4 3. c3 dxc3 4. Nxc3 Nc6 5. Bc4 e6 6. Nf3 a6 7. O-O b5 8. Bd3 Bb7 9. Bf4 Nge7 10. Bc2 Ng6 11.
Bg3 Bc5 12. Qe2 d6 13. Rfd1 Qe7 14. Rac1 O-O 15. h4 Rac8 16. h5 Nge5 17. Nxe5 dxe5 18. h6 g6 19. Qg4 Rfd8 20. Bh4 f6 21. Bb3 Nd4 22.
Rxd4 exd4 23. Bxe6+ Kf8 24. Nd5 Bxd5 25. exd5 Rc7 26.
Qf3 Bd6 27. Rxc7 Bxc7 28. Bxf6 Qc5 29. Be5+ Ke8 30. Qf7# 1-0

[Event "Early-Titled-Tuesday-Blitz-July-09-2024"]
[Site "Chess.com"]
[Date "2024.07.09"]
[Round "1"]
[White "RTchess367"]
[Black "santosalberto1987"]
[Result "1-0"]
[WhiteElo "2286"]
[BlackElo "2592"]
[TimeControl "180+1"]
[EndTime "8:05:20 PDT"]
[Termination "RTchess367 won by resignation"]

1. e4 e6 2. d4 d5 3. e5 c5 4. c3 Qb6 5. Nf3 Nc6 6. Bd3 cxd4 7.
O-O Bd7 8. Re1 Nge7 9. h4 Rc8 10. Na3 dxc3 11. bxc3 Nf5 12. Rb1 Qa5 13. Nb5 a6 14.
Nbd4 Nfxd4 15. cxd4 b5 16. Bd2 Qd8 17. Ng5 h6 18.
Qh5 Qe7 19. Nxf7 Rg8 20. Nxh6+ Kd8 21. Nxg8 Qe8 22. Bg6 Nxd4 23. Bxe8 Bxe8 24. Qg4 Kc7 25. Rec1+ Kb7 26. Rxc8 Kxc8 27. Rc1+ Nc6 28. Qxe6+ Bd7 29. Rxc6+ 1-0

[Event "Early-Titled-Tuesday-Blitz-July-09-2024"]
[Site "Chess.com"]
[Date "2024.07.09"]
[Round "1"]
[White "Alex_Sahakyan2006"]
[Black "rionelG"]
[Result "1-0"]
[WhiteElo "2739"]
[BlackElo "2412"]
[TimeControl "180+1"]
[EndTime "8:05:22 PDT"]
[Termination "Alex_Sahakyan2006 won by checkmate"]

1. e4 c5 2. Nc3 d6 3. Nf3 Nf6 4.
e5 dxe5 5. Nxe5 Nbd7 6. Nc4 a6 7. a4 e6 8. g3 Be7 9. Bg2 O-O 10. O-O Qc7 11.
d3 Nb6 12. Bf4 Qd8 13. Nxb6 Qxb6 14. a5 Qd8 15. Qf3 h6 16. Rfe1 Bd6 17. Be5 Bxe5 18.
Rxe5 Qc7 19. Qe3 Nd7 20. Rh5 Rb8 21. Ra4 Qd8 22. Rg4 Nf6 23. Rxg7+ Kxg7 24. Qxh6+ Kg8 25.
Qh8# 1-0

[Event "Early-Titled-Tuesday-Blitz-July-09-2024"]
[Site "Chess.com"]
[Date "2024.07.09"]
[Round "1"]
[White "Makswolf200817"]
[Black "InitiatingASC"]
[Result "1-0"]
[WhiteElo "2770"]
[BlackElo "2423"]
[TimeControl "180+1"]
[EndTime "8:05:23 PDT"]
[Termination "Makswolf200817 won by resignation"]

1. d4 d5 2. c4 e6 3. Nf3 a6 4.
Bg5 Be7 5. Bxe7 Nxe7 6. e3 Nd7 7.
Nc3 Nf6 8. Bd3 O-O 9. O-O c6 10. e4 dxe4 11. Nxe4 Ng6 12. Re1 Nxe4 13. Bxe4 Qf6 14.
Qd2 Bd7 15. Qa5 Rad8 16. Rad1 Bc8 17. g3 Rd6 18. Kg2 Rfd8 19. h4 Ne7 20. Ng5 Nf5 21.
d5 h6 22. Nf3 exd5 23. cxd5 cxd5 24. Rxd5 Rxd5 25. Bxd5 Nd6 26. Qb6 Bg4 27. Ne5 Re8 28. Nxg4 1-0

[Event "Early-Titled-Tuesday-Blitz-July-09-2024"]
[Site "Chess.com"]
[Date "2024.07.09"]
[Round "1"]
[White "RCone"]
[Black "sofaceindisguise"]
[Result "0-1"]
[WhiteElo "2423"]
[BlackElo "2770"]
[TimeControl "180+1"]
[EndTime "8:05:24 PDT"]
[Termination "sofaceindisguise won by resignation"]

1. e4 c5 2. Nc3 d6 3. f4 e6 4. Nf3 a6 5. d4 cxd4 6. Nxd4 Qc7 7. Bd3 Nf6 8. O-O Nbd7 9. Kh1 b5 10. a3 Bb7 11.
Be3 h5 12. Qf3 Nb6 13. Rae1 Nc4 14. Bxc4 Qxc4 15. Bg1 Be7 16. Qg3 g6 17. f5 e5 18. Nb3 h4 19. Qf3 g5 20. Na5 Qc8 21. Nxb7 Qxb7 22. h3 Rc8 23. Rd1 Rxc3 24. Qxc3 Nxe4 25.
Qd3 Ng3+ 26. Kh2 Nxf1+ 27. Rxf1 f6 28. Rd1 Qc6 29. b3 Kd7 30. c4 bxc4 31. bxc4 Rd8 32. c5 d5 33. Qxd5+ Qxd5 34. Rxd5+ Kc6 35. Rxd8 Bxd8 36.
g3 hxg3+ 37. Kxg3 Be7 38. h4 gxh4+ 39. Kxh4 Bxc5 40. Bxc5 Kxc5 41. Kh5 e4 42. Kg6 e3 43. Kxf6 e2 44. Kg7 e1=Q 45. f6 Qe5 46. Kg6 Kd6 47. f7 Ke7 48. f8=Q+ Kxf8 0-1

[Event "Early-Titled-Tuesday-Blitz-July-09-2024"]
[Site "Chess.com"]
[Date "2024.07.09"]
[Round "1"]
[White "FoxOnTheRun97"]
[Black "nitpicker"]
[Result "1-0"]
[WhiteElo "2615"]
[BlackElo "2299"]
[TimeControl "180+1"]
[EndTime "8:05:25 PDT"]
[Termination "FoxOnTheRun97 won by resignation"]

1. d4 Nf6 2. c4 e6 3. Nc3 Bb4 4. g3 d5 5. Bg2 O-O 6. Nf3 b6 7.
cxd5 exd5 8. O-O Bb7 9. Ne5 a6 10. Bg5 Be7 11. Qb3 c6 12. Rad1 Re8 13. Rfe1 Nfd7 14.
Bxe7 Qxe7 15. e4 Nxe5 16. exd5 Nbd7 17. dxc6 Bxc6 18. Bxc6 Nf3+ 19. Bxf3 Qxe1+ 20. Rxe1 Rxe1+ 21. Kg2 Rae8 22. Qd5 Nf6 23. Qc6 R1e6 24. Qb7 a5 25. d5 Rd6 26. Nb5 Rd7 27. Qxb6 Nxd5 28. Bxd5 Rxd5 29.
Nc7 1-0

[Event "Early-Titled-Tuesday-Blitz-July-09-2024"]
[Site "Chess.com"]
[Date "2024.07.09"]
[Round "1"]
[White "evgchess5"]
[Black "Balla_Tamas"]
[Result "1-0"]
[WhiteElo "2869"]
[BlackElo "2476"]
[TimeControl "180+1"]
[EndTime "8:05:26 PDT"]
[Termination "evgchess5 won by resignation"]

1. e4 c5 2. Nf3 Nc6 3. Bb5 Nf6 4. Bxc6 dxc6 5. d3 Nd7 6. b3 e5 7. Bb2 Bd6 8. Nbd2 Bc7 9. Nc4 f6 10. Ne3 Nf8 11. Nh4 Ne6 12. Qh5+ Kf8 13. Ng6+ Kg8 14.
Nxh8 Kxh8 15. g3 a5 16. a4 b6 17. O-O Ba6 18. Rae1 b5 19. axb5 Bxb5 20. Ra1 Qb8 21. Bc3 a4 22. bxa4 Bxa4 23. Rfb1 Qc8 24. Ra2 Bb5 25.
Rxa8 Qxa8 26. Ra1 Qd8 27. Bb2 Nd4 28. c4 g6 29. Qd1 1-0

[Event "Early-Titled-Tuesday-Blitz-July-09-2024"]
[Site "Chess.com"]
[Date "2024.07.09"]
[Round "1"]
[White "Barmen_EV"]
[Black "Hikaru"]
[Result "0-1"]
[WhiteElo "2539"]
[BlackElo "3230"]
[TimeControl "180+1"]
[EndTime "8:05:29 PDT"]
[Termination "Hikaru won by resignation"]

1. e4 g6 2. d4 c6 3. Nc3 d5 4. e5 a6 5. h4 h5 6. Be2 Nh6 7. Bg5 Nf5 8. Nf3 Bg7 9. Qd2 Nd7 10. e6 fxe6 11. O-O-O c5 12. dxc5 Qa5 13. Kb1 Bxc3 14. Qxc3 Qxc3 15. bxc3 Nxc5 16. Ne5 Ne4 17. Nxg6 Rh7 18.
g4 hxg4 19. Bxg4 Nxf2 20. Rdf1 Nxg4 21. Rhg1 Nf6 22. Ne5 Nd7 23. Ng6 Nb6 24. Bc1 Nc4 25. Rf4 b5 26. Rfg4 Bb7 27. Nf4 Kd7 28. h5 e5 29. Ng6 Rxh5 30. a4 Nfd6 31. Rg5 Rxg5 32.
Rxg5 Ne4 33. Nxe5+ Ke6 34. Nxc4 Nxg5 35. Nb6 Rg8 36.
Bxg5 0-1

[Event "Early-Titled-Tuesday-Blitz-July-09-2024"]
[Site "Chess.com"]
[Date "2024.07.09"]
[Round "1"]
[White "ValeriyGrinev"]
[Black "kyawmyataung2005"]
[Result "1-0"]
[WhiteElo "2663"]
[BlackElo "2349"]
[TimeControl "180+1"]
[EndTime "8:05:29 PDT"]
[Termination "ValeriyGrinev won on time"]

1. d4 Nf6 2. c4 e6 3. Nf3 d5 4. e3 Be7 5. Nbd2 O-O 6. Bd3 Nbd7 7. O-O c5 8. b3 b6 9. Bb2 Bb7 10. Qe2 Ne4 11. cxd5 exd5 12. Rac1 Rc8 13. Rfd1 Bd6 14. dxc5 bxc5 15. Ba6 Bxa6 16. Qxa6 Nxd2 17. Rxd2 Nb6 18. a4 Rc7 19. a5 Nc8 20. Rcd1 Ne7 21. e4 Rc6 22.
Qxa7 d4 23. b4 Bf4 24. Rd3 Bb8 25. Qb7 cxb4 26. Rxd4 1-0

[Event "Early-Titled-Tuesday-Blitz-July-09-2024"]
[Site "Chess.com"]
[Date "2024.07.09"]
[Round "1"]
[White "Pavlov_Sergey"]
[Black "Cmorales2001"]
[Result "1-0"]
[WhiteElo "2661"]
[BlackElo "2346"]
[TimeControl "180+1"]
[EndTime "8:05:31 PDT"]
[Termination "Pavlov_Sergey won by resignation"]

1. c4 Nf6 2. Nf3 e6 3. g3 d5 4. Bg2 dxc4 5. Qa4+ Bd7 6. Qxc4 Bc6 7. Nc3 Nbd7 8. e4 Bd6 9. Qe2 e5 10. d4 b6 11. dxe5 Nxe5 12. Nd4 O-O 13. O-O Re8 14. Rd1 Bb7 15. Nf5 Qc8 16. Bg5 Ba6 17. Qc2 Ned7 18.
Rxd6 cxd6 19. Nxd6 Qc5 20. Nxe8 Qxg5 21. Nxf6+ gxf6 22. Nd5 Nc5 23. b4 Ne6 1-0

[Event "Early-Titled-Tuesday-Blitz-July-09-2024"]
[Site "Chess.com"]
[Date "2024.07.09"]
[Round "1"]
[White "randy296"]
[Black "Aggressus"]
[Result "0-1"]
[WhiteElo "2112"]
[BlackElo "2559"]
[TimeControl "180+1"]
[EndTime "8:05:31 PDT"]
[Termination "Aggressus won by resignation"]

1. b3 d5 2. Bb2 c5 3. e3 a6 4. Nf3 Nc6 5. c4 d4 6. exd4 cxd4 7. d3 e5 8. Be2 Bd6 9. Nbd2 f5 10.
O-O Nf6 11. h3 O-O 12. Re1 b6 13. a4 a5 14. Ba3 Bxa3 15. Rxa3 Qd6 16. Ra1 Bb7 17.
Nf1 Rae8 18. Ng3 g6 19. Qd2 e4 20. Ng5 e3 21. fxe3 Qxg3 22. e4 fxe4 23. dxe4 h6 24. Nf3 Nxe4 25. Qxh6 Nb4 26. Nh4 Qe3+ 0-1

[Event "Early-Titled-Tuesday-Blitz-July-09-2024"]
[Site "Chess.com"]
[Date "2024.07.09"]
[Round "1"]
[White "TioCridineno"]
[Black "2346PL"]
[Result "1/2-1/2"]
[WhiteElo "2408"]
[BlackElo "2701"]
[TimeControl "180+1"]
[EndTime "8:05:32 PDT"]
[Termination "Game drawn by repetition"]

1. e4 e5 2. Nf3 Nf6 3. Nc3 Nc6 4. Bb5 Nd4 5. Nxd4 exd4 6. e5 dxc3 7. exf6 Qxf6 8. dxc3 c6 9. Bd3 d5 10. O-O Be6 11. Re1 Bd6 12. Qh5 g6 13. Qg5 Be7 14. Qxf6 Bxf6 15. Bf4 O-O-O 16. Be5 Bxe5 17. Rxe5 Rhe8 18.
Rae1 Kd7 19. f4 f6 20. R5e3 Bf7 21. Rxe8 Rxe8 22. Rxe8 Bxe8 23. b4 Kd6 24. Kf2 c5 25.
a3 Ba4 26. Ke3 c4 27. Be2 Bxc2 28. Kd4 Be4 29. g3 b6 30. Bxc4 g5 31. Bb5 Bf3 32. Be8 gxf4 33. gxf4 Ke6 34. Bc6 Kd6 35. Bb7 b5 36. Bc8 Be2 37. Bf5 h6 38. h4 Bc4 39.
Bg4 Kc6 40. Bh5 Kd6 41. Bf7 Bb3 42. Bg6 Bc4 43. Be8 Ke6 44. Bg6 Kd6 45. Bf7 Bb3 46. Bg8 Bc4 47. Bf7 1/2-1/2